 Dungeon Crawl Stone Soup version 0.31-a0-986-g5e6e4ef867 (webtiles) character file.

Game seed: 4534920762633051895

241 dialectric the Shield-Bearer (level 5, -31/53 HPs)
             Began as a Troll Fighter on Nov 23, 2023.
             Was an Initiate of Trog.
             Annihilated by an ogre
             ... wielding a +0 giant spiked club
              (34 damage)
             ... on level 5 of the Dungeon.
             The game lasted 00:03:17 (2815 turns).

dialectric the Shield-Bearer (Troll Fighter)        Turns: 2815, Time: 00:03:17

Health: -31/53     AC:  7    Str: 23    XL:     5   Next: 80%
Magic:  3/3        EV: 11    Int:  3    God:    Trog [......]
Gold:   139        SH:  0    Dex: 15    Spells: 4/4 levels left

rFire   + . .        k - +3 quarterstaff (chaos)
rCold   + . .        (shield currently unavailable)
rNeg    . . .        b - +0 robe
rPois   +            (helmet restricted)
rElec   +            l - +0 cloak
rCorr   +            (gloves unavailable)
SInv    .            (boots unavailable)
Will    .....        (no amulet)
Stlth   +            (no ring)
HPRegen 1.08/turn    (no ring)
MPRegen 0.08/turn

%: no passive effects
@: resistant
A: large, unfitting armour, claws 3, regeneration 1, shaggy fur 1, tough skin 1,
iridescent scales 1, agile 1, low MP 1
a: Renounce Religion


You were on level 5 of the Dungeon.
You worshipped Trog.
Trog was noncommittal.
You visited 1 branch of the dungeon, and saw 4 of its levels.

You collected 139 gold pieces.

Inventory:

Hand Weapons
 a - a +0 flail
 k - a +3 quarterstaff of chaos (weapon)
Armour
 b - a +0 robe (worn)
 c - a +0 kite shield
 l - a +0 cloak (worn)
Scrolls
 e - 4 scrolls of identify {unknown}
 f - a scroll of revelation {unknown}
 g - a scroll of noise {unknown}
 h - 2 scrolls of enchant armour {unknown}
 i - a scroll of amnesia {unknown}
Potions
 d - 3 potions of might


   Skills:
 + Level 3.2 Fighting
 + Level 3.0 Maces & Flails
 + Level 3.2 Dodging
 * Level 4.2 Shields


You had 4 spell levels left.
You didn't know any spells.
Your spell library contained the following spells:

 Spells                   Type           Power      Damage    Failure   Level
 Blink                    Tloc           0%         N/A       67%         2
 Lesser Beckoning         Tloc           0%         N/A       67%         2
 Momentum Strike          Conj/Tloc      0%         3d8       67%         2


Dungeon Overview and Level Annotations

Branches:
Dungeon (5/15)             Temple (0/1) D:5

Altars:
Sif Muna
Trog

Annotations:
D:3 Sigmund


Innate Abilities, Weirdness & Mutations

You are too large for most types of armour.
You have claws for hands.
Your natural rate of healing is unusually fast.
You are covered in fur. (AC +1)
You have tough skin. (AC +1)
You are partially covered in iridescent scales. (AC +2)
You are agile. (Dex +4, Str/Int -1)
Your magical capacity is low. (-10% MP)


Message History

Your Maces & Flails skill increases to level 3!
No target in view!
Unknown command.
An ogre comes into view. It is wielding a +0 giant spiked club.
The ogre shouts!
The ogre moves out of view.
No target in view!
An ogre is nearby!
An ogre is nearby!
An ogre is nearby!
You barely miss the ogre.
A scorpion comes into view.
The ogre hits you with a +0 giant spiked club!
You sock the ogre!
The ogre seems to grow stronger.
The ogre is heavily wounded.
The ogre barely misses you.
You barely miss the ogre.
The ogre is heavily wounded.
You hit the ogre but do no damage.
The ogre seems to speed up.
The ogre is heavily wounded.
The ogre completely misses you.
The ogre hits you with a +0 giant spiked club!!!
Ouch! That really hurt!
* * * LOW HITPOINT WARNING * * *
You are too injured to fight recklessly!
You are too injured to fight recklessly!
You are too injured to fight recklessly!
You are too injured to fight recklessly!
You are too injured to fight recklessly!
You are too injured to fight recklessly!
Unknown command.
Unknown command.
The ogre attacks as it pursues you! The ogre closely misses you.
Unknown command.
Okay, then.
It was a potion of resistance.
You feel protected.
The ogre hits you with a +0 giant spiked club!!
Ouch! That really hurt!
You die...

..................#........
............#.8.#.#.####...
....................# .#
............8.>.8...## .#
.....................#.#
#.....#.....#.8.#......#
####.#########......##...
#. ##<....##### #.@........
#sO?....... #.....#....
#.######... .. ... ... ..
.... ..... ......


You could see an ogre (fast, strong) and a scorpion.

Vanquished Creatures
  A scorpion (D:5)
  Crazy Yiuf (D:2)
  A jelly (D:5)
  3 adders (D:2)
  5 worms
  2 dart slugs
  4 orcs (D:3)
  6 bats
  9 endoplasms
  A giant cockroach (D:1)
  12 goblins
  6 hobgoblins
  5 kobolds
  2 quokkas
  6 ball pythons
  5 frilled lizards
  3 rats
72 creatures vanquished.

Notes
Turn   | Place    | Note
-------+----------+-------------------------------------------
     0 | D:1      | dialectric the Troll Fighter began the quest for the Orb.
     0 | D:1      | Reached XP level 1. HP: 22/22 MP: 0/0
    77 | D:1      | Reached XP level 2. HP: 29/29 MP: 1/1
   211 | D:1      | Reached skill level 3 in Shields
   450 | D:1      | Reached XP level 3. HP: 36/36 MP: 2/2
  1265 | D:2      | Reached XP level 4. HP: 44/44 MP: 3/3
  1592 | D:2      | Found a runed translucent door.
  1593 | D:2      | Noticed Crazy Yiuf
  1938 | D:2      | Killed Crazy Yiuf
  1999 | D:3      | Noticed Sigmund
  2021 | D:3      | Gained mutation: Your magical capacity is low. (-10% MP)
                  | [potion of mutation]
  2021 | D:3      | Gained mutation: You are partially covered in iridescent
                  | scales. (AC +2) [potion of mutation]
  2021 | D:3      | Gained mutation: You are agile. (Dex +4, Str/Int -1)
                  | [potion of mutation]
  2311 | D:3      | Found a bloodstained altar of Trog.
  2357 | D:3      | Became a worshipper of Trog the Wrathful
  2410 | D:3      | Found a shimmering blue altar of Sif Muna.
  2430 | D:3      | Reached XP level 5. HP: 53/53 MP: 3/3
  2688 | D:3      | You fall into a shaft and drop 2 floors!
  2688 | D:5      | Entered Level 5 of the Dungeon
  2688 | D:5      | Found a staircase to the Ecumenical Temple.
  2785 | D:5      | Reached skill level 4 in Shields
  2806 | D:5      | Noticed an ogre
  2813 | D:5      | HP: 1/53 [ogre/+0 giant spiked club (42)]
  2815 | D:5      | Annihilated by an ogre

Illustrated notes

Levels and vault maps discovered:
D:1:      dpeg_arrival_radiant, layout_loops_corners, minmay_hexomino_f4
D:2:      layout_loops_corners, serial_rivers, chequers_serial_rivers_micro_b,
          chequers_serial_rivers_micro_b, chequers_serial_rivers_room_a,
          chequers_serial_rivers_micro_d, chequers_serial_rivers_small_a,
          uniq_crazy_yiuf_cottage
D:3:      layout_rooms, nicolae_overflow_crystal_walls, lemuel_round_altar,
          minmay_cupped, uniq_sigmund
D:5:      layout_rooms, nicolae_overflow_macrodata_refinement,
          minmay_temple_entry_statues_pillars

Skill      XL: |  1  2  3  4  5 |
---------------+----------------+-----
Maces & Flails | 2 3 |  3.0
Shields        | 3 4 |  4.2
Fighting       | 3 |  3.2
Dodging        | 3 |  3.2

Action                     |  1- 3 |  4- 6 || total
---------------------------+-------+-------++-------
  Melee: Flail             |   111 |   131 ||   242
         Quarterstaff      |       |    10 ||    10
    Use: Potion            |       |     4 ||     4
   Stab: Sleeping          |     2 |       ||     2
 Armour: Robe              |    56 |    93 ||   149
  Dodge: Dodged            |    45 |    65 ||   110
  Block: Kite shield       |    36 |    74 ||   110

Table legend: (Time is in decaauts)
 A = Elapsed time spent in this place.
 B = Non-inter-level travel time spent in this place.
 C = Inter-level travel time spent in this place.
 D = Time resting spent in this place.
 E = Time spent auto-exploring this place.
 F = Levels seen in this place.
 G = Mean time per level.
                   A        B        C        D        E       F      G
               +--------+--------+--------+--------+--------+-----+--------+
         Total |   2895 |   2753 |    142 |     50 |   1977 |   4 |  723.8 |
       Dungeon |   2895 |   2753 |    142 |     50 |   1977 |   4 |  723.8 |
               +--------+--------+--------+--------+--------+-----+--------+

Top non-repeatable levels by time:
     D:2: 1283 daAuts
     D:1: 911 daAuts
     D:3: 571 daAuts
     D:5: 129 daAuts
